 Dungeon Crawl Stone Soup version 0.17-a0-2109-g117576f (webtiles) character file.

44 tp1 the Conjurer (level 3, -1/19 HPs)
             Began as a Deep Elf Conjurer on Oct 19, 2015.
             Killed from afar by an orc wizard (6 damage)
             ... with a magic dart
             ... on level 3 of the Dungeon.
             The game lasted 00:07:54 (3012 turns).

tp1 the Conjurer (Deep Elf Conjurer)                Turns: 3012, Time: 00:07:54

Health: -1/19      AC:  3    Str:  6    XL:     3   Next: 41%
Magic:  8/9        EV: 13    Int: 19    God:
Gold:   191        SH:  0    Dex: 15    Spells: 1 memorised, 7 levels left

rFire  . . .     SeeInvis .     g - +0 short sword (elec)
rCold  . . .     Clarity  .     a - +0 robe
rNeg   . . .     SustAt   .     (no shield)
rPois  .         Gourm    .     (no helmet)
rElec  .         Spirit   .     h - +0 cloak
rCorr  .         Warding  .     (no gloves)
rMut   .         Stasis   .     (no boots)
MR     .....                    (no amulet)
Stlth  ++........               (no ring)
                                (no ring)

@: not resistant to hostile enchantments, unstealthy
A: no striking features
a: no special abilities


You were on level 3 of the Dungeon.
You were very hungry.

You visited 1 branch of the dungeon, and saw 3 of its levels.

You collected 191 gold pieces.

Inventory:

Hand Weapons
 d - a +1 short sword
 g - a +0 short sword of electrocution (weapon)
 m - a cursed -1 whip
Armour
 a - a +0 robe (worn)
 e - a +0 leather armour
 h - a +0 cloak (worn)
Scrolls
 i - a scroll of identify
 n - a scroll of teleportation
Potions
 j - 3 potions of curing
 k - a potion of magic {unknown}
 p - a potion of resistance {unknown}
Books
 b - a book of Conjurations

   Spells                             Type                      Level
   a - Magic Dart                     Conjuration                  1
   b - Searing Ray                    Conjuration                  2
   c - Dazzling Spray                 Conjuration/Hexes            3
   d - Fulminant Prism                Conjuration/Hexes            4
   e - Iskenderun's Mystic Blast      Conjuration                  4
   f - Iskenderun's Battlesphere      Conjuration/Charms           5
Comestibles
 c - a bread ration
 f - a beef jerky
 l - 3 fruits


   Skills:
 - Level 1.1 Short Blades
 - Level 3.1 Dodging
 - Level 3.0 Stealth
 - Level 3.0 Spellcasting
 + Level 5.0 Conjurations


You had 7 spell levels left.
You knew the following spells:

 Your Spells              Type           Power        Failure   Level  Hunger
a - Magic Dart            Conj           ###.         1%          1    None


Dungeon Overview and Level Annotations

Branches:
Dungeon (3/15)

Altars:
Ru
Sif Muna


Message History

The orc wizard casts a spell.
The orc wizard seems to speed up.
An orc comes into view. It is wielding a flail.
You see here a plate armour.
The orc wizard casts a spell at you. The puff of frost hits you!
Ouch! That really hurt!
Casting: Magic Dart
Confirm with . or Enter, or press ? or * to list all spells.
Aiming: Magic Dart
Press: ? - help, Shift-Dir - straight line, f - orc wizard
Aim: an orc wizard, wielding a dagger and wearing a robe (fast)
The magic dart hits the orc wizard.
The orc wizard is moderately wounded.
The orc wizard casts a spell at you. The puff of frost misses you.
The orc wizard hits you with a dagger.
* * * LOW HITPOINT WARNING * * *
The orc wizard points at you and mumbles some strange words.
The magic dart hits you!
You die...

#.####.##..## .
###.####.##...#
#.............# #
##.#.####.##...#.#
#................#
##.................
##o#.####.##.....##
#..................
##@######.##...)...
#.....##.##.......
#.###.##..........
#.# #.###.#...####
#.###.# #.........
#.....# #.....####
#.##### #.#.#.####
#.# #.#....... #.#
###.......##


You could see an orc wizard.

Vanquished Creatures
  An adder (D:2)
  2 worms (D:2)
  5 hobgoblins (D:2)
  2 jackals (D:2)
  4 bats
  2 giant newts
  5 goblins (D:1)
  8 kobolds
  3 rats
32 creatures vanquished.

Notes
Turn   | Place    | Note
--------------------------------------------------------------
     0 | D:1      | tp1 the Deep Elf Conjurer began the quest for the Orb.
     0 | D:1      | Reached XP level 1. HP: 10/10 MP: 6/6
   524 | D:1      | Reached XP level 2. HP: 15/15 MP: 4/8
  1654 | D:2      | Reached skill level 1 in Short Blades
  1860 | D:2      | Reached XP level 3. HP: 19/19 MP: 5/9
  1930 | D:2      | Found a deep blue altar of Sif Muna.
  2087 | D:2      | Found a sacrificial altar of Ru.
  2268 | D:2      | Found a sacrificial altar of Ru.
  2475 | D:2      | Found a deep blue altar of Sif Muna.
  2902 | D:3      | Reached skill level 5 in Conjurations
  3012 | D:3      | Killed from afar by an orc wizard

Vault maps used:
D:1:      elethiomel_arrival_quiet
D:2:      led_sif_pool, lemuel_round_altar, grunt_decor_fettered,
          minmay_door_square
D:3:      nicolae_dithmenos_through_a_glass_darkly,
          nicolae_qazlal_style_of_elements

Action                   || total
-------------------------++-------
 Cast: Magic Dart        ||    70
  Use: Scroll            ||     7
  Eat: Chunk             ||     5
